 Dungeon Crawl Stone Soup version 0.21-a0-508-gf08a75f26b (webtiles) character file.

134 GordonOverkill the Skirmisher (level 5, 0/82 HPs)
             Began as an Ogre Fighter on Nov 28, 2017.
             Was an Initiate of Trog.
             Killed by divine providence
             ... invoked by an orc priest
              (12 damage)
             ... on level 3 of the Dungeon.
             The game lasted 00:05:42 (2536 turns).

GordonOverkill the Skirmisher (Ogre Fighter)        Turns: 2536, Time: 00:05:43

Health: 0/82       AC: 22    Str: 25    XL:     5   Next: 17%
Magic:  5/5        EV:  1    Int:  9    God:    Trog [......]
Gold:   86         SH:  9    Dex:  9    Spells: 4/4 levels left

rFire    . . .     SeeInvis .   s - +3 mace (crush)
rCold    . . .     Gourm    .   c - +0 shield
rNeg     + + +     Faith    .   (armour currently unavailable)
rPois    +         Spirit   .   (helmet currently unavailable)
rElec    .         Reflect  .   (cloak currently unavailable)
rCorr    +         Harm     .   (gloves unavailable)
MR       +....     NoTele   +   (boots unavailable)
Stlth    +.........             (no amulet)
HPRegen  0.23/turn              k - ring of protection from magic
MPRegen  0.09/turn              j - ring of resist corrosion

@: mighty, tree-form, very slightly contaminated
A: large, unfitting armour
a: Burn Spellbooks, Renounce Religion


You were on level 3 of the Dungeon.
You worshipped Trog.
Trog was noncommittal.
You were hungry.
You were a tree.
You visited 1 branch of the dungeon, and saw 3 of its levels.

You collected 86 gold pieces.

Inventory:

Hand Weapons
 s - a +3 mace of crushing (weapon)
Armour
 b - a +0 robe (melded)
 c - a +0 shield (worn)
 g - a +0 cloak (melded)
Jewellery
 j - a ring of resist corrosion (right branch)
 k - a ring of protection from magic (left branch)
Potions
 a - a potion of brilliance
 r - a potion of flight
Comestibles
 f - 2 bread rations
 i - a royal jelly
 l - a fruit
 p - 3 meat rations


   Skills:
 + Level 4.8 Fighting
 * Level 3.1 Maces & Flails
 - Level 3.0 Dodging
 * Level 3.7 Shields


You had 4 spell levels left.
You didn't know any spells.

Dungeon Overview and Level Annotations

Branches:
Dungeon (3/15)

Altars:
Nemelex Xobeh
Trog

Annotations:
D:3 Grinder


Innate Abilities, Weirdness & Mutations

You are too large for most types of armour.
((You have tough skin. (AC +1)))


Message History

The goblin closely misses you.
The orc priest invokes the aid of Beogh against you.
Beogh smites you!
You closely miss the orc priest. You block the goblin's attack.
The orc priest mumbles some strange prayers to Beogh against you.
Pain shoots through your body! The goblin barely misses you.
The orc closely misses you. You block the goblin's attack.
The orc priest invokes the aid of Beogh against you.
Beogh smites you!
* * * LOW HITPOINT WARNING * * *
You turn into a tree.
Your +0 cloak melds into your body.
Your +0 robe melds into your body.
Your roots penetrate the ground.
The goblin hits you but does no damage. You block the orc's attack.
The orc priest hits you but does no damage. x2
The goblin hits you but does no damage.
You feel very mighty all of a sudden. You block the goblin's attack.
The orc hits you but does no damage.
The orc priest calls down the wrath of Beogh upon you.
Beogh smites you!
You die...

. #...#.# ###.
#...#.##
....##...#..
...........####
..........>....
.....>.......
#..gog.#
#.$o♣o.#
#......#
#......#
#......#
........#
......####
....... ......=
### +..


You could see 2 orc priests, an orc and 2 goblins.

Vanquished Creatures
  Crazy Yiuf (D:2)
  Robin (D:2)
  2 adders
  2 oozes (D:1)
  4 worms (D:2)
  2 dart slugs (D:1)
  A leopard gecko (D:2)
  4 giant cockroaches
  10 goblins
  3 hobgoblins
  2 quokkas
  8 bats
  3 frilled lizards
  2 kobolds (D:2)
  8 rats
53 creatures vanquished.

Notes
Turn   | Place    | Note
-------+----------+-------------------------------------------
     0 | D:1      | GordonOverkill the Ogre Fighter began the quest for the Orb.
     0 | D:1      | Reached XP level 1. HP: 24/24 MP: 1/1
   149 | D:1      | Reached XP level 2. HP: 32/32 MP: 2/2
   785 | D:1      | Reached XP level 3. HP: 39/39 MP: 3/3
  1653 | D:2      | Found a runed door.
  1657 | D:2      | Noticed Crazy Yiuf
  1657 | D:2      | Noticed Robin
  1679 | D:2      | Killed Robin
  1679 | D:2      | Reached XP level 4. HP: 27/49 MP: 4/4
  1700 | D:2      | Killed Crazy Yiuf
  2117 | D:2      | Found a sparkling altar of Nemelex Xobeh.
  2177 | D:2      | Noticed a moth of wrath
  2179 | D:2      | Found a bloodstained altar of Trog.
  2195 | D:2      | Reached XP level 5. HP: 50/55 MP: 5/5
  2363 | D:2      | Became a worshipper of Trog the Wrathful
  2470 | D:3      | Noticed Grinder
  2536 | D:3      | Killed from afar by an orc priest

Vault maps used:
D:1:      roderic_crop_circles_arrival_small, st_stairs_7
D:2:      tgw_trog, lemuel_statue_altar, uniq_crazy_yiuf_cottage, uniq_robin
D:3:      gup_sewer_entry_glass, uniq_grinder

Skill      XL: |  1  2  3  4 |
---------------+-------------+-----
Maces & Flails | 2 3 |  3.1
Shields        | 3 |  3.7
Dodging        | 3 |  3.0
Fighting       | |  4.8

Action                   |  1- 3 |  4- 6 || total
-------------------------+-------+-------++-------
Melee: Flail             |   148 |    25 ||   173
       Mace              |       |    32 ||    32
  Use: Scroll            |     4 |     7 ||    11
       Potion            |       |     5 ||     5
 Stab: Invisible         |       |     1 ||     1
  Eat: Chunk             |     3 |     2 ||     5
Armor: Robe              |    58 |    16 ||    74
       Skin              |       |     4 ||     4
Dodge: Dodged            |    57 |    26 ||    83
Block: Shield            |    82 |    24 ||   106

Table legend:
 A = Spawn XP
 B = Non-spawn XP
 C = Spawn XP percentage of total XP
 D = Spawn monster count
 E = Non-spawn monster count
 F = Spawn count percentage of total count
 G = Total turns spent on level
                    A         B        C        D         E        F      G
               +---------+---------+-------+---------+---------+-------+---------
         Total |       0 |     192 |   0.0 |       0 |      53 |   0.0 |  2536
               +---------+---------+-------+---------+---------+-------+---------
           D:1 |       0 |      50 |   0.0 |       0 |      22 |   0.0 |  1190
           D:2 |       0 |     126 |   0.0 |       0 |      29 |   0.0 |  1300
           D:3 |       0 |      16 |   0.0 |       0 |       2 |   0.0 |    46
               +---------+---------+-------+---------+---------+-------+---------
